 Dungeon Crawl Stone Soup version 0.20.0-10-g0535bb4 (webtiles) character file.

207 Reinor the Ducker (level 5, -5/24 HPs)
             Began as a Spriggan Earth Elementalist on June 4, 2017.
             Killed from afar by a white imp (11 damage)
             ... with a puff of frost
             ... summoned by Eustachio
             ... on level 4 of the Dungeon.
             The game lasted 00:08:28 (3659 turns).

Reinor the Ducker (Spriggan Earth Elementalist)     Turns: 3659, Time: 00:08:29

Health: -5/24      AC:  2    Str:  4    XL:     5   Next: 54%
Magic:  9/12       EV: 20    Int: 17    God:
Gold:   163        SH:  0    Dex: 17    Spells: 6/12 levels left

rFire    . . .     SeeInvis +   (weapon restricted)
rCold    . . .     Gourm    .   (shield restricted)
rNeg     . . .     Faith    .   c - +0 robe
rPois    .         Spirit   .   (helmet restricted)
rElec    .         Reflect  .   (no cloak)
rCorr    +         Harm     .   (gloves unavailable)
MR       .....                  (boots unavailable)
Stlth    ++........             (no amulet)
Regen    0.1/turn               n - ring of resist corrosion
MPRegen  0.2/turn               (no ring)

@: very quick
A: unfitting armour, see invisible, herbivore 3, speed 3, slow metabolism 2
a: no special abilities


You were on level 4 of the Dungeon.
You were not hungry.

You visited 1 branch of the dungeon, and saw 4 of its levels.

You collected 163 gold pieces.

Inventory:

Hand Weapons
 q - a +0 blowgun
Missiles
 b - 37 stones (quivered)
 r - 4 poisoned needles
Armour
 c - a +0 robe (worn)
Jewellery
 n - a ring of resist corrosion (left hand)
Wands
 u - a wand of digging (16/24)
Scrolls
 f - 3 scrolls of teleportation {unknown}
 g - a scroll of fear {unknown}
 h - 2 scrolls of remove curse {unknown}
 i - 3 scrolls of recharging {unknown}
 j - a scroll of enchant armour {unknown}
 k - 3 scrolls of identify {unknown}
 p - a scroll of amnesia {unknown}
Potions
 a - 2 potions of might {unknown}
 m - a potion of haste {unknown}
 o - a potion of curing {unknown}
 s - a potion of brilliance {unknown}
 t - a potion of berserk rage {unknown}
Books
 e - a book of Geomancy

   Spells                             Type                      Level
   a - Sandblast                      Earth                        1
   b - Passwall                       Transmutation/Earth          2
   c - Stone Arrow                    Conjuration/Earth            3
   d - Petrify                        Transmutation/Earth          4
   e - Lee's Rapid Deconstruction     Earth                        5
Comestibles
 d - 2 bread rations
 l - 3 fruits


   Skills:
 + Level 5.2 Dodging
 - Level 3.0 Stealth
 + Level 4.2 Spellcasting
 - Level 1.3 Transmutations
 + Level 4.3 Earth Magic


You had 6 spell levels left.
You knew the following spells:

 Your Spells              Type           Power        Failure   Level  Hunger
a - Sandblast             Erth           ###...       2%          1    None
b - Passwall              Tmut/Erth      ##........   7%          2    ##.....
c - Stone Arrow           Conj/Erth      ##....       19%         3    ###....


Dungeon Overview and Level Annotations

Branches:
Dungeon (4/15)
 Temple: D:4-7

Altars:

Shops:
D:4 [

Annotations:
D:4 Artagas's ghost, novice HOFi; Eustachio


Innate Abilities, Weirdness & Mutations

You are very small and have problems with some larger weapons.
You are too small for most types of armour.
You have supernaturally acute eyesight. (SInv)
You are a herbivore.
You cover ground extremely quickly.
You need consume almost no food.


Message History

Aim: Eustachio, wielding a rapier, wearing a leather armour and carrying a wand of flame (?/48) {zapped: 1} (lightly wounded)
The blast of sand hits Eustachio.
Eustachio is lightly wounded.
b - 38 stones The bat completely misses you.
Casting: Sandblast
Confirm with . or Enter, or press ? or * to list all spells.
Aiming: Sandblast
Press: ? - help, Shift-Dir - straight line, f/p - Eustachio
Aim: Eustachio, wielding a rapier, wearing a leather armour and carrying a wand of flame (?/48) {zapped: 1} (lightly wounded)
The blast of sand hits Eustachio.
Eustachio is moderately wounded.
b - 37 stones The bat barely misses you.
The white imp hits you. The white imp freezes you.
* * * LOW HITPOINT WARNING * * *
Eustachio zaps a wand.
The puff of flame misses you. The quokka bites you.
* * * LOW HITPOINT WARNING * * *
The white imp gestures at you. The puff of frost hits you!
You die...

######## #......#
#.?....# #......#
#......# #......#
#...@r.######+#####
#...b.............#
#...5.@./.........#
#.....)..........)#####
+......................
#.......#####.#.#####.#
#######.# ...#.# #.#
#.# #.###.. #.# #.# #.
.... #.# #.# # #####
#.# #.# ..#


You could see Eustachio, a white imp, a quokka and a bat.

Vanquished Creatures
  The ghost of xash the Ducker, an amateur OpTm (D:3)
  A gnoll (D:1)
  3 adders
  4 worms
  2 leopard geckos
  A ball python (D:3)
  4 giant cockroaches
  3 goblins
  4 hobgoblins
  4 jackals
  7 kobolds
  2 quokkas
  2 bats
  A frilled lizard (D:2)
  4 rats
43 creatures vanquished.

Notes
Turn   | Place    | Note
-------+----------+-------------------------------------------
     0 | D:1      | Reinor the Spriggan Earth Elementalist began the quest for the Orb.
     0 | D:1      | Reached XP level 1. HP: 9/9 MP: 5/5
   168 | D:1      | You fall through a shaft!
   566 | D:1      | Reached XP level 2. HP: 13/13 MP: 2/6
   570 | D:1      | Learned a level 2 spell: Passwall
  1243 | D:2      | Reached XP level 3. HP: 16/16 MP: 4/8
  1370 | D:2      | Reached skill level 4 in Dodging
  2113 | D:2      | Reached XP level 4. HP: 20/21 MP: 6/9
  2118 | D:2      | Learned a level 3 spell: Stone Arrow
  2267 | D:3      | You fall through a shaft!
  2336 | D:4      | Noticed Artagas's ghost (novice HOFi)
  2457 | D:3      | Noticed xash's ghost (amateur OpTm)
  2479 | D:3      | Killed xash's ghost
  2479 | D:3      | Reached skill level 5 in Dodging
  2479 | D:3      | Reached XP level 5. HP: 10/24 MP: 1/12
  3613 | D:4      | Found Befem's Armour Boutique.
  3648 | D:4      | Noticed Eustachio
  3659 | D:4      | Killed from afar by a white imp

Skill      XL: |  1  2  3  4 |
---------------+-------------+-----
Earth Magic    | 3 4 |  4.3
Spellcasting   | 3 4 |  4.2
Dodging        | 4 5 |  5.2
Stealth        | |  3.0
Transmutations | |  1.3

Action                   |  1- 3 |  4- 6 || total
-------------------------+-------+-------++-------
Melee: Unarmed           |    53 |    41 ||    94
 Cast: Sandblast         |    40 |    30 ||    70
 Stab: Sleeping          |     3 |     2 ||     5
Armor: Robe              |     4 |     2 ||     6
Dodge: Dodged            |    62 |    58 ||   120
